 Seeded DCSS version 0.30-a0-358-g0d69a1922f (webtiles) character file.

Game seed: 12371564671554323536 (custom seed)

7 purpskrrrp the Covered (level 1, 0/20 HPs)
             Began as a Minotaur Fighter on Nov 9, 2022.
             Succumbed to a goblin's poison
             ... on level 1 of the Dungeon.
             The game lasted 00:00:39 (214 turns).

purpskrrrp the Covered (Minotaur Fighter)            Turns: 214, Time: 00:00:40

Health: 0/20       AC:  7    Str: 20    XL:     1   Next: 83%
Magic:  0/0        EV:  9    Int:  5    God:
Gold:   0          SH:  4    Dex:  9    Spells: 0/0 levels left

rFire   . . .      SeeInvis .    a - +0 flail
rCold   . . .      Faith    .    c - +0 buckler
rNeg    . . .      Spirit   .    b - +0 scale mail
rPois   .          Reflect  .    (helmet restricted)
rElec   .          Harm     .    (no cloak)
rCorr   .          Rampage  .    (no gloves)
Will    .....                    (no boots)
Stlth   ..........               (no amulet)
HPRegen 0.23/turn                (no ring)
MPRegen 0.07/turn                (no ring)

@: lethally poisoned (0 -> -5), weak-willed
A: horns 2, retaliatory headbutt
a: no special abilities


You were on level 1 of the Dungeon.
You visited 1 branch of the dungeon, and saw 1 of its levels.

Inventory:

Hand Weapons
 a - a +0 flail (weapon)
Armour
 b - a +0 scale mail (worn)
 c - a +0 buckler (worn)
Scrolls
 f - a scroll of identify {unknown}
Potions
 d - a potion of might


   Skills:
 + Level 3.7 Fighting
 * Level 2.8 Maces & Flails
 + Level 3.7 Armour
 + Level 3.7 Shields


You couldn't memorise any spells.
You didn't know any spells.
Your spell library was empty.

Dungeon Overview and Level Annotations

Branches:
Dungeon (1/15)

Altars:

Shops:
D:1 *


Innate Abilities, Weirdness & Mutations

You have a pair of horns on your head.
You reflexively headbutt those who attack you in melee.


Message History

You feel very sick. The endoplasm barely misses you.
The goblin hits you but does no damage.
You are too injured to fight recklessly!
You are too injured to fight recklessly!
You are too injured to fight recklessly!
You are too injured to fight recklessly!
You are too injured to fight recklessly!
You are too injured to fight recklessly!
You are too injured to fight recklessly!
You are too injured to fight recklessly!
You are too injured to fight recklessly!
You are too injured to fight recklessly!
You are too injured to fight recklessly!
You are too injured to fight recklessly!
You are too injured to fight recklessly!
You are too injured to fight recklessly!
You are too injured to fight recklessly!
You are too injured to fight recklessly!
You are too injured to fight recklessly!
You are too injured to fight recklessly!
You are too injured to fight recklessly!
You are too injured to fight recklessly!
You are too injured to fight recklessly!
You sock the endoplasm!
You kill the endoplasm!
* * * LOW HITPOINT WARNING * * *
You feel very sick. You block the goblin's attack.
The goblin attacks as you move away! The goblin hits you but does no damage.
* * * LOW HITPOINT WARNING * * *
You feel sick.
You barely miss the goblin.
The goblin is heavily wounded.
* * * LOW HITPOINT WARNING * * *
You feel very sick. The goblin barely misses you.
The goblin hits you but does no damage.
Okay, then.
As you read the scroll labelled WYRGHUA XAYPA, it crumbles to dust.
Magic quickly surges around you.
It was a scroll of vulnerability.
You die...

#.# #.#...[....#.......# #.
#.# #..........#..###### ...
. #.#
#.......##.#.....########.##.
#.#
#.......##.....#.##.....#.#..
#.#
#.......####.#.#.##.###.#.#.#
#>#
####.......#.#.#.....##.#.#.#
#.#
#######.#.#.####..##.#.#.#
#.# .......#.#.####..##.†.#.#
#.# #....Jg@....##..#......#
#.# #.######....#.....######
#.# #.####..........# #.#
#.........#####.# #.#
#####........##.# #.#
#.#.##.####.# #.#
#####.#.##......# #.#
#.....#.######### #.#
#.#####.#


You could see an endoplasm (weak-willed) and a goblin (weak-willed).

Vanquished Creatures
  3 bats (D:1)
  An endoplasm (D:1)
  A kobold (D:1)
  A frilled lizard (D:1)
6 creatures vanquished.

Notes
Turn   | Place    | Note
-------+----------+-------------------------------------------
     0 | D:1      | purpskrrrp the Minotaur Fighter began the quest for the
                  | Orb.
     0 | D:1      | Reached XP level 1. HP: 19/19 MP: 0/0
   119 | D:1      | Found Yroa's Assorted Antiques.
   213 | D:1      | HP: 1/20 [poisoned by a goblin]
   214 | D:1      | Succumbed to a goblin's poison

Illustrated notes

Levels and vault maps discovered:
D:1:      dpeg_arrival_rhombi, layout_basic, serial_shops, shop_statue,
          nicolae_diamond_shop, shop, roderic_lattice_a

Action                   || total
-------------------------++-------
Melee: Flail             ||    14
  Use: Scroll            ||     1
Armor: Scale mail        ||     7
Dodge: Dodged            ||     7
Block: Buckler           ||     5

Table legend: (Time is in decaauts)
 A = Elapsed time spent in this place.
 B = Non-inter-level travel time spent in this place.
 C = Inter-level travel time spent in this place.
 D = Time resting spent in this place.
 E = Time spent auto-exploring this place.
 F = Levels seen in this place.
 G = Mean time per level.
                   A        B        C        D        E       F      G
               +--------+--------+--------+--------+--------+-----+--------+
         Total |    218 |    218 |      0 |      0 |    180 |   1 |  218.0 |
       Dungeon |    218 |    218 |      0 |      0 |    180 |   1 |  218.0 |
               +--------+--------+--------+--------+--------+-----+--------+

Top non-repeatable levels by time:
     D:1: 218 daAuts
